 Dungeon Crawl Stone Soup version 0.31-a0-233-g139696dc86 (webtiles) character file.

Game seed: 2234326589557223306

359 qw the Shooter (level 6, -2/52 HPs)
             Began as a Minotaur Hexslinger on July 9, 2023.
             Was an Initiate of Okawaru.
             Succumbed to a water moccasin's poison
             ... on level 5 of the Dungeon.
             The game lasted 00:01:13 (3558 turns).

qw the Shooter (Minotaur Hexslinger)                Turns: 3558, Time: 00:01:14

Health: -2/52      AC:  7    Str: 12    XL:     6   Next: 37%
Magic:  6/6        EV: 11    Int: 10    God:    Okawaru [......]
Gold:   161        SH:  0    Dex: 15    Spells: 6/7 levels left

rFire   . . .        Y - +1 sling
rCold   . . .        (no shield)
rNeg    . . .        g - +0 ring mail
rPois   .            (helmet restricted)
rElec   .            (no cloak)
rCorr   .            m - +1 pair of gloves
SInv    .            (no boots)
Will    .....        (no amulet)
Stlth   +            (no ring)
HPRegen 0.28/turn    (no ring)
MPRegen 0.10/turn

%: no passive effects
@: lethally poisoned (-2 -> -12), about to teleport
A: horns 2, retaliatory headbutt
a: Renounce Religion


You were on level 5 of the Dungeon.
You worshipped Okawaru.
Okawaru was noncommittal.
You visited 1 branch of the dungeon, and saw 5 of its levels.

You collected 252 gold pieces.
You spent 91 gold pieces at shops.


Innate Abilities, Weirdness & Mutations

You have a pair of horns on your head.
You reflexively headbutt those who attack you in melee.


   Skills:
 - Level 4.0 Fighting
 + Level 6.4 Ranged Weapons
 - Level 1.0 Armour
 - Level 2.1 Dodging
 - Level 1.0 Spellcasting
 - Level 2.0 Hexes


You had 6 spell levels left.
You knew the following spells:

 Your Spells              Type           Power      Damage    Failure   Level
a - Slow                  Hex            16%        N/A       34%         1

Your spell library contained the following spells:

 Spells                   Type           Power      Damage    Failure   Level
 Inner Flame              Hex/Fire       2%         N/A       83%         3
 Portal Projectile        Hex/Tloc       4%         N/A       83%         3
 Cause Fear               Hex            2%         N/A       98%         4

Inventory:

Hand Weapons
 Y - a +1 sling (weapon)
Armour
 g - a +0 ring mail (worn)
 m - a +1 pair of gloves (worn)
Scrolls
 j - a scroll of identify
Potions
 a - 3 potions of curing
 b - a potion of enlightenment
 c - 2 potions of might
 d - a potion of brilliance {unknown}
 f - a potion of resistance {unknown}
 h - a potion of haste {unknown}
 i - a potion of degeneration {unknown}
 l - a potion of magic {unknown}

Dungeon Overview and Level Annotations

Branches:
Dungeon (5/15)
 Temple: D:4-7

Altars:
Nemelex Xobeh
Okawaru
Ru
Xom

Shops:
D:3 !


Message History

The howler monkey hits you.
The water moccasin bites you but does no damage.
You shoot a sling bullet.
The sling bullet hits the howler monkey.
The howler monkey is almost dead.
The water moccasin bites you.
You are poisoned.
The water moccasin poisons you! The howler monkey closely misses you.
The water moccasin completely misses you.
The howler monkey hoots and howls with incredible vigour!
You shoot a sling bullet.
The sling bullet closely misses the howler monkey.
You feel very sick.
The water moccasin bites you but does no damage.
The howler monkey hits you. The water moccasin bites you.
You are lethally poisoned!
The water moccasin poisons you!
You shoot a sling bullet.
The sling bullet hits the howler monkey!
You kill the howler monkey!
Okawaru accepts your kill.
You feel extremely sick.
The water moccasin bites you but does no damage.
The water moccasin closely misses you. You furiously retaliate!
You headbutt the water moccasin.
Your Fighting skill increases to level 4!
You shoot a sling bullet.
The sling bullet hits the water moccasin.
The water moccasin is moderately wounded.
You feel very sick.
The water moccasin bites you but does no damage.
3557 ||| READING scroll of teleportation.
As you read the scroll of teleportation, it crumbles to dust.
You feel strangely unstable.
You feel very sick. The water moccasin bites you.
The water moccasin barely misses you.
You shoot a sling bullet.
The sling bullet hits the water moccasin.
The water moccasin is moderately wounded.
You die...

###....#..##..........)......
#...........###.........#<......
####...[....###.........#.......
#.####....#####.######.......
... #..#...###.#### #.......
.### #..###........######.### #
##...###.####.....#....#
##......# #####....### ##..#@.#
##...... ##.).S.....# ###....
###..####.. #.### .... #.# #
..... ##.#.# ......> ......)
........ ....... .........#
....#.# ....#.#


You could see a water moccasin.

Vanquished Creatures
  A phantom (D:5)
  2 howler monkeys
  A jelly (D:5)
  A hound (D:4)
  7 adders
  A shadow imp (D:4)
  An ufetubus (D:5)
  2 worms
  2 dart slugs (D:4)
  An orc (D:4)
  A bat (D:2)
  9 endoplasms
  A giant cockroach (D:1)
  4 goblins
  6 hobgoblins
  2 jackals (D:4)
  6 kobolds
  6 quokkas
  2 ball pythons
  3 frilled lizards (D:1)
  3 rats (D:1)
62 creatures vanquished.

Notes
Turn   | Place    | Note
-------+----------+-------------------------------------------
     0 | D:1      | qw the Minotaur Hexslinger began the quest for the Orb.
     0 | D:1      | Reached XP level 1. HP: 16/16 MP: 1/1
     0 | D:1      | 0 ||| qw: Version: 0.3-a-51-g015441d
     0 | D:1      | 0 ||| qw: Game counter: 3957
     0 | D:1      | 0 ||| qw: Melee chars always use a shield: true
     0 | D:1      | 0 ||| qw: God list: Okawaru
     0 | D:1      | 0 ||| qw: Allow faded altars: false
     0 | D:1      | 0 ||| qw: Do Orc after clearing Dungeon:15 true
     0 | D:1      | 0 ||| qw: Do second Lair branch before Depths: true
     0 | D:1      | 0 ||| qw: Lair rune preference: random
     0 | D:1      | 0 ||| qw: Goals: Normal
     0 | D:1      | 0 ||| PLANNING D:1-11
    91 | D:1      | Reached skill level 3 in Ranged Weapons
    93 | D:1      | Reached XP level 2. HP: 23/23 MP: 2/2
   666 | D:1      | 666 ||| UPGRADING to +0 ring mail.
   676 | D:1      | 676 ||| DROPPING +0 robe.
   677 | D:1      | 677 ||| READING scroll labelled TIERUTTESTRE.
   681 | D:1      | 681 ||| DROPPING scroll of poison.
   697 | D:2      | 697 ||| STAIRDANCE
   895 | D:2      | Reached XP level 3. HP: 27/30 MP: 3/3
  1315 | D:2      | Reached skill level 4 in Ranged Weapons
  1383 | D:2      | Found a sparkling altar of Nemelex Xobeh.
  1582 | D:3      | Found Qaopsiu's Distillery.
  1597 | D:3      | 1597 ||| SHOPLISTING potion of cancellation (104 gold, have
                  | 92).
  1597 | D:3      | 1597 ||| BUYING potion of curing (39 gold).
  1597 | D:3      | Bought a potion of curing for 39 gold pieces
  1597 | D:3      | 1597 ||| SHOPLISTING potion of enlightenment (65 gold, have
                  | 53).
  1597 | D:3      | 1597 ||| SHOPLISTING potion of heal wounds (65 gold, have
                  | 53).
  1597 | D:3      | 1597 ||| BUYING potion of might (52 gold).
  1597 | D:3      | Bought a potion of might for 52 gold pieces
  1597 | D:3      | 1597 ||| SHOPLISTING potion of resistance (130 gold, have
                  | 1).
  1700 | D:3      | Found a faded altar of an unknown god.
  1709 | D:3      | Found a shimmering altar of Xom.
  1945 | D:3      | Reached skill level 1 in Armour
  2112 | D:3      | 2112 ||| UPGRADING to +0 pair of gloves.
  2117 | D:3      | 2117 ||| READING scroll labelled PAB ROFARET.
  2118 | D:3      | 2118 ||| READING scroll labelled LEICWO MAOSTRAU.
  2119 | D:3      | 2119 ||| READING 2 scrolls labelled ZIASOW BO OBB.
  2120 | D:3      | 2120 ||| DRINKING 2 fizzy black potions.
  2121 | D:3      | 2121 ||| DRINKING 3 fizzy pink potions.
  2159 | D:3      | 2159 ||| DROPPING 2 potions of lignification.
  2183 | D:4      | Reached XP level 4. HP: 37/37 MP: 4/4
  2368 | D:4      | Reached skill level 5 in Ranged Weapons
  2586 | D:4      | Reached skill level 3 in Fighting
  2586 | D:4      | Reached XP level 5. HP: 45/45 MP: 5/5
  3085 | D:4      | 3085 ||| READING scroll labelled IMAONUCWE QOOCS.
  3086 | D:4      | 3086 ||| READING 2 scrolls labelled ZILOEF EQOTU.
  3087 | D:4      | 3087 ||| DRINKING 2 grey potions.
  3088 | D:4      | 3088 ||| READING 2 scrolls of identify.
  3088 | D:4      | 3088 ||| IDENTIFYING metallic sapphire potion
  3089 | D:4      | 3089 ||| DROPPING potion of attraction.
  3090 | D:4      | 3090 ||| DROPPING scroll of vulnerability.
  3116 | D:5      | Entered Level 5 of the Dungeon
  3120 | D:5      | 3120 ||| STAIRDANCE
  3129 | D:4      | HP: 9/45 [scorpion (4)]
  3130 | D:4      | 3130 ||| READING scroll of teleportation.
  3131 | D:4      | 3131 ||| DRINKING potion of heal wounds.
  3352 | D:5      | Identified the +3 spear of Makhleb's Grace {drain, rF+
                  | Int+3 Stlth+}
  3354 | D:5      | Noticed a phantom
  3366 | D:5      | Killed a phantom
  3367 | D:5      | Reached skill level 6 in Ranged Weapons
  3367 | D:5      | Reached XP level 6. HP: 41/51 MP: 6/6
  3469 | D:5      | Found a sacrificial altar of Ru.
  3483 | D:5      | Found an iron altar of Okawaru.
  3484 | D:5      | 3484 ||| PLANNING OKAWARU WORSHIP
  3484 | D:5      | 3484 ||| READING 2 scrolls labelled MUIJENGAUDI.
  3485 | D:5      | 3485 ||| READING scroll of enchant armour.
  3485 | D:5      | 3485 ||| ENCHANTING +0 pair of gloves.
  3493 | D:5      | Became a worshipper of Warmaster Okawaru
  3494 | D:5      | 3494 ||| PLANNING D:1-11
  3546 | D:5      | Noticed a water moccasin
  3556 | D:5      | HP: 10/52 [poisoned by a water moccasin]
  3557 | D:5      | 3557 ||| READING scroll of teleportation.
  3557 | D:5      | HP: 1/52 [water moccasin (5)]
  3558 | D:5      | Succumbed to a water moccasin's poison

Levels and vault maps discovered:
D:1:      amcnicky_arrival_double_pillar, layout_basic
D:2:      layout_loops_corners, basic_altar, hangedman_decor_slide_cut
D:3:      layout_rooms, xom_teletrap_fun, serial_shops, nicolae_shop_stone,
          shapermc_ecumenical_altar_pompeii, grunt_ministairs_5, chequers_jeans,
          dreamdust_mushroom_princess, supply_closet_lemuel
D:4:      layout_loops_ring, st_stairs_13, minmay_diced_spiral
D:5:      layout_rooms, mainiacjoe_overflow_catch_the_wave,
          minmay_misc_feat_nine_boxes, uniq_duvessa

Skill      XL: |  1  2  3  4  5  6 |
---------------+-------------------+-----
Ranged Weapons | 3 4 5 6 |  6.4
Fighting       | 2 3 4 |  4.0
Armour         | 1 |  1.0
Dodging        | |  2.1
Spellcasting   | |  1.0
Hexes          | |  2.0

Action                     |  1- 3 |  4- 6 || total
---------------------------+-------+-------++-------
   Fire: Sling             |   123 |   142 ||   265
    Use: Scroll            |     4 |     7 ||    11
         Potion            |     2 |     2 ||     4
 Armour: Robe              |     5 |       ||     5
         Ring mail         |    17 |    47 ||    64
  Dodge: Dodged            |    35 |    63 ||    98

Table legend:
 A = Non-vault XP
 B = Vault XP
 C = Vault XP percentage of total XP
 D = Non-vault monster count
 E = Vault monster count
 F = Vault count percentage of total count
                 A         B        C        D         E       F
            +---------+---------+-------+---------+---------+-------
      Total |     488 |      26 |   5.1 |      56 |       6 |   9.7
            +---------+---------+-------+---------+---------+-------
        D:1 |      35 |       0 |   0.0 |      15 |       0 |   0.0
        D:2 |      44 |       0 |   0.0 |      10 |       0 |   0.0
        D:3 |      13 |       4 |  23.5 |       5 |       2 |  28.6
        D:4 |     180 |      22 |  10.9 |      22 |       4 |  15.4
        D:5 |     216 |       0 |   0.0 |       4 |       0 |   0.0
            +---------+---------+-------+---------+---------+-------
